Flyers vs Rangers

Created - 12 mars 2017 at 19:04

Goals
1 2 3 T
Flyers 3 0 3 6
Rangers 0 1 2 3
Shots
1 2 3 T
Flyers 16 11 13 40
Rangers 10 6 7 23

1st period

1. Flyers , Stefan Ruzicka 7 (Pavel Kubina) at 11:17
2. Flyers , Dany Heatley 23 (Jeff Woywitka, Alexei Morozov) at 13:25 (PP)
3. Flyers , Jeff Carter 28 (Alexei Morozov, Dany Heatley) at 15:46

Penalties :
Alexei Emelin (NYR) for Tripping (Minor) at 13:14

2nd period

4. Rangers , Milan Lucic 30 (Jakob Silfverberg, Cam Barker) at 17:23

Penalties :
Mike Cammalleri (NYR) for Hooking (Minor) at 0:20, Devante Smith-Pelly (NYR) for Elbowing (Minor) at 9:58, Valtteri Filppula (NYR) for Boarding (Minor) at 19:49

3rd period

5. Rangers , Milan Lucic 31 (Jakob Silfverberg, Artem Anisimov) at 2:25
6. Flyers , Mats Zuccarello 13 (Matt Smaby, Chris Kreider) at 7:13
7. Rangers , Valtteri Filppula 9 (Chris Bourque, Darren Reid) at 8:04
8. Flyers , Chris Kreider 16 (Stefan Ruzicka, Pavel Kubina) at 12:08
9. Flyers , Dany Heatley 24 (Jeff Carter) at 12:25

Penalties :
Alexei Morozov (Phi) for Roughing (Minor) at 12:47

Goalie Stats

Cory Schneider (Phi), 20 saves from 23 shots - (0,870), W, 20-10-3, 60:00 minutes
Henrik Lundqvist (NYR), 34 saves from 40 shots - (0,850), L, 21-12-1, 60:00 minutes

Players Stats for Flyers

Player Name              G  A  P  +/- PIM S  H  SB GA TA FO     MP     PP MP  PK MP  
------------------------------------------------------------------------------------
Alexei Morozov           0  2  2   1  2   5  0  1  2  0  1/2    21:16   3:44   0:00 
Brock Nelson             0  0  0   0  0   1  0  0  0  0  0/0     8:34   0:00   0:22 
Chris Kreider            1  1  2   1  0   1  1  0  3  1  0/0    15:07   0:00   0:19 
Dany Heatley             2  1  3   1  0   4  0  1  0  0  3/3    21:36   3:44   0:59 
Jakub Voracek            0  0  0   0  0   3  1  0  1  0  0/0    14:24   2:24   0:00 
Jeff Carter              1  1  2   1  0   6  1  0  0  1  25/35  21:36   3:44   0:59 
Jeff O'Neill             0  0  0   0  0   0  0  1  0  0  4/6     8:17   0:00   0:45 
Jeff Woywitka            0  1  1   0  0   5  3  2  1  0  0/0    27:19   3:36   1:10 
John-Michael Liles       0  0  0  -2  0   0  1  0  0  0  0/0    12:11   0:00   0:00 
Jonathan Ericsson        0  0  0   0  0   1  0  1  0  2  0/0    27:19   3:36   1:10 
Kyle Wellwood            0  0  0   0  0   3  3  0  0  1  7/12   15:38   2:24   0:34 
Mats Zuccarello          1  0  1   0  0   3  0  0  0  0  0/0     7:32   0:00   0:00 
Matt Smaby               0  1  1   4  0   1  3  0  0  1  0/0    20:30   2:32   0:49 
Matthew Lombardi         0  0  0   1  0   2  5  0  0  1  2/6    14:48   0:00   0:00 
Nathan Paetsch           0  0  0  -2  0   2  2  0  0  0  0/0    12:11   0:00   0:00 
Pavel Kubina             0  2  2   4  0   1  2  1  0  0  0/0    20:30   2:32   0:49 
Rostislav Olesz          0  0  0   0  0   1  2  0  1  0  0/1    14:24   2:24   0:00 
Stefan Ruzicka           1  1  2   1  0   1  1  1  1  0  0/0    14:48   0:00   0:00 

Players Stats for Rangers

Player Name              G  A  P  +/- PIM S  H  SB GA TA FO     MP     PP MP  PK MP  
------------------------------------------------------------------------------------
Alexandre Bolduc         0  0  0  -1  0   0  0  0  0  0  0/4     7:40   0:00   0:20 
Alexei Emelin            0  0  0   0  2   0  1  0  0  1  0/0    11:56   0:00   0:00 
Artem Anisimov           0  1  1  -1  0   2  3  1  0  0  11/26  18:50   0:35   0:00 
Cam Barker               0  1  1  -1  0   0  1  2  2  2  0/0    27:37   1:01   3:36 
Chris Bourque            0  1  1   1  0   1  1  0  0  0  0/0    11:59   0:00   2:00 
Darren Reid              0  1  1   1  0   1  0  1  0  0  0/0    13:12   0:55   1:10 
Devante Smith-Pelly      0  0  0  -1  2   0  1  1  0  0  0/0    10:30   0:00   2:52 
Jakob Silfverberg        0  2  2  -1  0   1  2  1  0  1  0/1    18:57   0:42   0:00 
Mark Fistric             0  0  0  -1  0   1  0  1  0  1  0/0    27:37   1:01   3:36 
Matt Greene              0  0  0  -1  0   0  1  0  0  3  0/0    20:26   0:58   2:32 
Matt Read                0  0  0  -1  0   2  1  0  0  0  0/0    16:22   0:42   0:00 
Mike Cammalleri          0  0  0  -1  2   4  0  0  0  0  1/3    16:34   1:04   0:20 
Milan Lucic              2  0  2  -1  0   4  2  1  3  0  3/10   23:27   0:44   4:24 
Nathan Gerbe             0  0  0  -1  0   1  0  0  0  0  0/0     7:20   0:00   0:00 
Ryan Suter               0  0  0  -1  0   1  0  1  0  1  0/0    20:26   0:58   2:32 
Staffan Kronwall         0  0  0   0  0   0  0  0  0  0  0/0    11:57   0:00   0:00 
Stephen Weiss            0  0  0  -1  0   3  1  0  2  0  6/14   18:03   1:04   1:10 
Valtteri Filppula        1  0  1   1  2   2  1  0  0  0  2/7    10:55   0:11   0:00 

3 Stars

1 - Dany Heatley (Phi)
2 - Pavel Kubina (Phi)
3 - Milan Lucic (NYR)

Power Play

Flyers - 1 on 4 Attempt(s) - 25,00%
Rangers - 0 on 1 Attempt(s) - 0,00%

Penalty Kill

Flyers - 1 on 1 Attempt(s) - 100,00% - Score 0 goal in Penalty Kill
Rangers - 3 on 4 Attempt(s) - 75,00% - Score 0 goal in Penalty Kill

Team Stat

Flyers - Hits : 25 - Faceoff Wins : 42 - Blocked Shots : 8 - Penalty Minutes : 2
Rangers - Hits : 15 - Faceoff Wins : 23 - Blocked Shots : 9 - Penalty Minutes : 8

Official

Referees : Rehman Kyle and L'Ecuyer Frederick
Linesman : Tim Nowak and Andy McElman

Game Notes

No Game Note

Finance

Level 1 -- Attendance: 4551 (75,85%) -- Ticket Income 409 590 $
Level 2 -- Attendance: 4023 (80,46%) -- Ticket Income 221 265 $
Level 3 -- Attendance: 1872 (93,60%) -- Ticket Income 56 160 $
Level 4 -- Attendance: 3969 (99,23%) -- Ticket Income 79 380 $
Luxury Box -- Attendance: 769 (76,90%) -- Ticket Income 134 575 $
Game was played at the Madison Square Garden.
Total Attendance: 15184 (84,36%)
Total Ticket Income: 900 970 $
Other Income: 135 146 $
Total Income: 1 036 116 $

Flyers

5 vs 5 Forward 
   Center                   Left Wing                Right Wing               Time % Phy DF OF 
 1 Jeff Carter              Dany Heatley             Alexei Morozov           40     1   2  2  
 2 Kyle Wellwood            Rostislav Olesz          Jakub Voracek            30     1   2  2  
 3 Matthew Lombardi         Chris Kreider            Stefan Ruzicka           20     1   2  2  
 4 Jeff O'Neill             Brock Nelson             Mats Zuccarello          10     1   2  2  

5 vs 5 Defense 
   Defense                  Defense                                           Time % Phy DF OF 
 1 Jeff Woywitka            Jonathan Ericsson                                 40     1   2  2  
 2 Matt Smaby               Pavel Kubina                                      30     1   2  2  
 3 Nathan Paetsch           John-Michael Liles                                20     1   2  2  
 4 Jeff Woywitka            Jonathan Ericsson                                 10     1   2  2  

PowerPlay Forward 
   Center                   Left Wing                Right Wing               Time % Phy DF OF 
 1 Jeff Carter              Dany Heatley             Alexei Morozov           60     1   2  2  
 2 Kyle Wellwood            Rostislav Olesz          Jakub Voracek            40     1   2  2  

PowerPlay Defense
   Defense                  Defense                                           Time % Phy DF OF 
 1 Jeff Woywitka            Jonathan Ericsson                                 60     1   2  2  
 2 Matt Smaby               Pavel Kubina                                      40     1   2  2  

Penalty Kill 4 Players Forward 
   Center                   Wing                     Time % Phy DF OF 
 1 Jeff Carter              Dany Heatley             60     1   2  2  
 2 Kyle Wellwood            Alexei Morozov           40     1   2  2  

Penalty Kill 4 Players Defense
   Defense                  Defense                  Time % Phy DF OF 
 1 Jeff Woywitka            Jonathan Ericsson        60     1   2  2  
 2 Matt Smaby               Pavel Kubina             40     1   2  2  

Penalty Kill - 3 Players Forward 
   Forward                                           Time % Phy DF OF 
 1 Jeff Carter                                       60     1   2  2  
 2 Dany Heatley                                      40     1   2  2  

Penalty Kill - 3 Players Defense
   Defense                  Defense                  Time % Phy DF OF 
 1 Jeff Woywitka            Jonathan Ericsson        60     1   2  2  
 2 Matt Smaby               Pavel Kubina             40     1   2  2  

4 vs 4 Forward 
   Center                   Wing                     Time % Phy DF OF 
 1 Jeff Carter              Dany Heatley             60     1   2  2  
 2 Kyle Wellwood            Alexei Morozov           40     1   2  2  

4 vs 4 Defense
   Defense                  Defense                  Time % Phy DF OF 
 1 Jeff Woywitka            Jonathan Ericsson        60     1   2  2  
 2 Matt Smaby               Pavel Kubina             40     1   2  2  

Last Minutes Offensive
   Center                   Left Wing                Right Wing               Defense                  Defense                  
   Jeff Carter              Dany Heatley             Alexei Morozov           Jeff Woywitka            Jonathan Ericsson        

Last Minutes Defensive
   Center                   Left Wing                Right Wing               Defense                  Defense                  
   Jeff Carter              Dany Heatley             Alexei Morozov           Jeff Woywitka            Jonathan Ericsson        

Goaltenders
Starting : Cory Schneider           
Backup : Steve Mason              

Extra Forwards
Normal : Matthew Lombardi, Chris Kreider, Jeff O'Neill - PP : Matthew Lombardi, Chris Kreider - PK : Jeff O'Neill
Extra Defensemen
Normal : Nathan Paetsch, John-Michael Liles, Matt Smaby - PP : Nathan Paetsch - PK : John-Michael Liles, Matt Smaby
Penalty Shots
Jeff Carter, Dany Heatley, Kyle Wellwood, Alexei Morozov, Rostislav Olesz

Rangers

5 vs 5 Forward 
   Center                   Left Wing                Right Wing               Time % Phy DF OF 
 1 Artem Anisimov           Milan Lucic              Jakob Silfverberg        40     1   2  2  
 2 Stephen Weiss            Mike Cammalleri          Matt Read                30     1   2  2  
 3 Valtteri Filppula        Chris Bourque            Darren Reid              20     1   2  2  
 4 Alexandre Bolduc         Nathan Gerbe             Devante Smith-Pelly      10     1   2  2  

5 vs 5 Defense 
   Defense                  Defense                                           Time % Phy DF OF 
 1 Cam Barker               Mark Fistric                                      40     1   2  2  
 2 Matt Greene              Ryan Suter                                        30     1   2  2  
 3 Alexei Emelin            Staffan Kronwall                                  20     1   2  2  
 4 Cam Barker               Mark Fistric                                      10     1   2  2  

PowerPlay Forward 
   Center                   Left Wing                Right Wing               Time % Phy DF OF 
 1 Artem Anisimov           Milan Lucic              Darren Reid              60     1   2  2  
 2 Stephen Weiss            Mike Cammalleri          Jakob Silfverberg        40     1   2  2  

PowerPlay Defense
   Defense                  Defense                                           Time % Phy DF OF 
 1 Cam Barker               Mark Fistric                                      60     1   2  2  
 2 Matt Greene              Ryan Suter                                        40     1   2  2  

Penalty Kill 4 Players Forward 
   Center                   Wing                     Time % Phy DF OF 
 1 Milan Lucic              Devante Smith-Pelly      60     1   2  2  
 2 Stephen Weiss            Darren Reid              40     1   2  2  

Penalty Kill 4 Players Defense
   Defense                  Defense                  Time % Phy DF OF 
 1 Cam Barker               Mark Fistric             60     1   2  2  
 2 Matt Greene              Ryan Suter               40     1   2  2  

Penalty Kill - 3 Players Forward 
   Forward                                           Time % Phy DF OF 
 1 Darren Reid                                       60     1   2  2  
 2 Valtteri Filppula                                 40     1   2  2  

Penalty Kill - 3 Players Defense
   Defense                  Defense                  Time % Phy DF OF 
 1 Cam Barker               Mark Fistric             60     1   2  2  
 2 Matt Greene              Ryan Suter               40     1   2  2  

4 vs 4 Forward 
   Center                   Wing                     Time % Phy DF OF 
 1 Milan Lucic              Jakob Silfverberg        60     1   2  2  
 2 Stephen Weiss            Mike Cammalleri          40     1   2  2  

4 vs 4 Defense
   Defense                  Defense                  Time % Phy DF OF 
 1 Cam Barker               Mark Fistric             60     1   2  2  
 2 Matt Greene              Ryan Suter               40     1   2  2  

Last Minutes Offensive
   Center                   Left Wing                Right Wing               Defense                  Defense                  
   Artem Anisimov           Milan Lucic              Jakob Silfverberg        Cam Barker               Mark Fistric             

Last Minutes Defensive
   Center                   Left Wing                Right Wing               Defense                  Defense                  
   Valtteri Filppula        Milan Lucic              Darren Reid              Cam Barker               Mark Fistric             

Goaltenders
Starting : Henrik Lundqvist         
Backup : Hannu Toivonen           

Extra Forwards
Normal : Matt Read, Valtteri Filppula, Chris Bourque - PP : Matt Read, Valtteri Filppula - PK : Chris Bourque
Extra Defensemen
Normal : Alexei Emelin, Staffan Kronwall, Matt Greene - PP : Alexei Emelin - PK : Staffan Kronwall, Matt Greene
Penalty Shots
Milan Lucic, Artem Anisimov, Stephen Weiss, Mike Cammalleri, Darren Reid

% Time on Ice - Flyers

Lines # - Real PCT - Wanted PCT - Time Play
Normal Forward
1 - 34% - 40% - 17:33
2 - 23% - 30% - 12:00
3 - 29% - 20% - 14:48
4 - 15% - 10% - 7:32
Normal Defense
1 - 39% - 40% - 20:01
2 - 33% - 30% - 17:09
3 - 23% - 20% - 12:11
4 - 5% - 10% - 2:32
PP Forward
1 - 61% - 60% - 3:44
2 - 39% - 40% - 2:24
PP Defense
1 - 59% - 60% - 3:36
2 - 41% - 40% - 2:32
PK Forward
1 - 75% - 60% - 1:29
2 - 25% - 40% - 0:30
PK Defense
1 - 59% - 60% - 1:10
2 - 41% - 40% - 0:49
PK3 Forward
1 - 0% - 60%
2 - 0% - 40%
PK3 Defense
1 - 0% - 60%
2 - 0% - 40%
44 Forward
1 - 0% - 60%
2 - 0% - 40%
44 Defense
1 - 0% - 60%
2 - 0% - 40%
Last Minute Offensive  - 0:00
Last Minute Defensive  - 0:00
Total
Forward - 60:00
Defense - 60:00

% Time on Ice - Rangers

Lines # - Real PCT - Wanted PCT - Time Play
Normal Forward
1 - 36% - 40% - 18:33
2 - 31% - 30% - 16:02
3 - 19% - 20% - 9:58
4 - 14% - 10% - 7:20
Normal Defense
1 - 39% - 40% - 20:13
2 - 33% - 30% - 16:56
3 - 23% - 20% - 11:57
4 - 5% - 10% - 2:47
PP Forward
1 - 46% - 60% - 0:55
2 - 54% - 40% - 1:04
PP Defense
1 - 51% - 60% - 1:01
2 - 49% - 40% - 0:58
PK Forward
1 - 81% - 60% - 4:58
2 - 19% - 40% - 1:10
PK Defense
1 - 59% - 60% - 3:36
2 - 41% - 40% - 2:32
PK3 Forward
1 - 0% - 60%
2 - 0% - 40%
PK3 Defense
1 - 0% - 60%
2 - 0% - 40%
44 Forward
1 - 0% - 60%
2 - 0% - 40%
44 Defense
1 - 0% - 60%
2 - 0% - 40%
Last Minute Offensive  - 0:00
Last Minute Defensive  - 0:00
Total
Forward - 60:00
Defense - 60:00

Play by Play

1st period


0:01 of 1st period - Artem Anisimov wins face-off versus Jeff Carter in neutral zone.
0:28 of 1st period - Backhand shot by Chris Kreider.
0:28 of 1st period - Deflect By Stefan Ruzicka.
0:28 of 1st period - Shot Misses the Net.
0:28 of 1st period - Puck is out of play.
0:29 of 1st period - Matthew Lombardi wins face-off versus Stephen Weiss in Rangers zone.
0:59 of 1st period - Slapshot by Ryan Suter.
0:59 of 1st period - Shot Misses the Net.
1:05 of 1st period - Wrist shot by Chris Bourque.
1:05 of 1st period - Stopped by Cory Schneider with a rebound.
1:16 of 1st period - Icing by Jeff Carter.
1:17 of 1st period - Jeff Carter wins face-off versus Alexandre Bolduc in Flyers zone.
1:34 of 1st period - Snap shot by Dany Heatley.
1:34 of 1st period - Shot Misses the Net.
1:50 of 1st period - Snap shot by Jeff Carter.
1:50 of 1st period - Stopped by Henrik Lundqvist without a rebound.
1:51 of 1st period - Artem Anisimov wins face-off versus Jeff O'Neill in Rangers zone.
2:00 of 1st period - Snap shot by Jeff O'Neill.
2:00 of 1st period - Deflect By Mats Zuccarello.
2:00 of 1st period - Shot Misses the Net.
2:00 of 1st period - Puck is out of play.
2:01 of 1st period - Jeff O'Neill wins face-off versus Artem Anisimov in Rangers zone.
2:02 of 1st period - Wrist shot by Mats Zuccarello.
2:02 of 1st period - Shot Blocked by Cam Barker.
2:32 of 1st period - Wrist shot by Jeff O'Neill.
2:32 of 1st period - Shot Misses the Net.
2:46 of 1st period - Wrist shot by Jeff O'Neill.
2:46 of 1st period - Shot Misses the Net.
2:52 of 1st period - Snap shot by Brock Nelson.
2:52 of 1st period - Shot Misses the Net.
3:16 of 1st period - Snap shot by Mats Zuccarello.
3:16 of 1st period - Deflect By Jakob Silfverberg.
3:16 of 1st period - Shot Misses the Net.
3:16 of 1st period - Puck is out of play.
3:17 of 1st period - Stephen Weiss wins face-off versus Kyle Wellwood in Rangers zone.
3:22 of 1st period - Snap shot by Kyle Wellwood.
3:22 of 1st period - Stopped by Henrik Lundqvist without a rebound.
3:23 of 1st period - Stephen Weiss wins face-off versus Kyle Wellwood in Rangers zone.
3:30 of 1st period - Ryan Suter is hit by Rostislav Olesz and loses puck.
4:46 of 1st period - Snap shot by Chris Bourque.
4:46 of 1st period - Shot Blocked by Jeff Woywitka.
5:12 of 1st period - Matt Greene is hit by Matt Smaby and loses puck.
6:13 of 1st period - Wrist shot by Stephen Weiss.
6:13 of 1st period - Stopped by Cory Schneider with a rebound.
6:51 of 1st period - Off-side.
6:52 of 1st period - Stephen Weiss wins face-off versus Matthew Lombardi in neutral zone.
6:55 of 1st period - Wrist shot by Mike Cammalleri.
6:55 of 1st period - Stopped by Cory Schneider without a rebound.
6:56 of 1st period - Kyle Wellwood wins face-off versus Mike Cammalleri in Flyers zone.
7:01 of 1st period - Wrist shot by Kyle Wellwood.
7:01 of 1st period - Shot Misses the Net.
7:03 of 1st period - Slapshot by Jeff Woywitka.
7:03 of 1st period - Stopped by Henrik Lundqvist without a rebound.
7:04 of 1st period - Kyle Wellwood wins face-off versus Stephen Weiss in Rangers zone.
7:13 of 1st period - Wrist shot by Jakub Voracek.
7:13 of 1st period - Stopped by Henrik Lundqvist without a rebound.
7:14 of 1st period - Jeff Carter wins face-off versus Stephen Weiss in Rangers zone.
7:15 of 1st period - Wrist shot by Alexei Morozov.
7:15 of 1st period - Shot Misses the Net.
7:32 of 1st period - Snap shot by Stephen Weiss.
7:32 of 1st period - Stopped by Cory Schneider with a rebound.
7:34 of 1st period - Snap shot by Mark Fistric.
7:34 of 1st period - Shot Blocked by Alexei Morozov.
7:36 of 1st period - Backhand shot by Mike Cammalleri.
7:36 of 1st period - Stopped by Cory Schneider with a rebound.
7:38 of 1st period - Snap shot by Mike Cammalleri.
7:38 of 1st period - Shot Misses the Net.
7:40 of 1st period - Slapshot by Ryan Suter.
7:40 of 1st period - Stopped by Cory Schneider without a rebound.
7:41 of 1st period - Kyle Wellwood wins face-off versus Artem Anisimov in Flyers zone.
7:41 of 1st period - Kyle Wellwood is hit by Milan Lucic.
7:55 of 1st period - Slapshot by Kyle Wellwood.
7:55 of 1st period - Stopped by Henrik Lundqvist with a rebound.
8:20 of 1st period - Snap shot by Valtteri Filppula.
8:20 of 1st period - Shot Blocked by Pavel Kubina.
8:22 of 1st period - Slapshot by Mark Fistric.
8:22 of 1st period - Deflect By Valtteri Filppula.
8:22 of 1st period - Stopped by Cory Schneider without a rebound.
8:23 of 1st period - Stephen Weiss wins face-off versus Jeff Carter in Flyers zone.
8:35 of 1st period - Off-side.
8:36 of 1st period - Jeff Carter wins face-off versus Artem Anisimov in neutral zone.
8:47 of 1st period - Wrist shot by Alexei Morozov.
8:47 of 1st period - Deflect By Dany Heatley.
8:47 of 1st period - Stopped by Henrik Lundqvist with a rebound.
8:49 of 1st period - Slapshot by Jeff Woywitka.
8:49 of 1st period - Shot Misses the Net.
8:51 of 1st period - Wrist shot by Jonathan Ericsson.
8:51 of 1st period - Deflect By Jeff Carter.
8:51 of 1st period - Shot Misses the Net.
8:51 of 1st period - Puck is out of play.
8:52 of 1st period - Kyle Wellwood wins face-off versus Valtteri Filppula in Rangers zone.
8:53 of 1st period - Wrist shot by Jakub Voracek.
8:53 of 1st period - Shot Blocked by Cam Barker.
9:04 of 1st period - Snap shot by Chris Bourque.
9:04 of 1st period - Shot Blocked by Jeff Woywitka.
9:06 of 1st period - Snap shot by Chris Bourque.
9:06 of 1st period - Shot Misses the Net.
9:18 of 1st period - Milan Lucic is hit by Jeff Carter and loses puck.
9:23 of 1st period - Slapshot by Jeff Carter.
9:23 of 1st period - Stopped by Henrik Lundqvist without a rebound.
9:24 of 1st period - Jeff Carter wins face-off versus Stephen Weiss in Rangers zone.
9:53 of 1st period - Pavel Kubina is hit by Milan Lucic.
10:29 of 1st period - Mark Fistric is hit by Matt Smaby and loses puck.
10:57 of 1st period - Dany Heatley is hit by Stephen Weiss.
11:15 of 1st period - Wrist shot by Stefan Ruzicka.
11:15 of 1st period - Shot Misses the Net.
11:17 of 1st period - Snap shot by Stefan Ruzicka.
11:17 of 1st period - Goal by Stefan Ruzicka - Flyers : 1 - Rangers : 0.
11:18 of 1st period - Artem Anisimov wins face-off versus Alexei Morozov in neutral zone.
11:53 of 1st period - Wrist shot by Stephen Weiss.
11:53 of 1st period - Shot Misses the Net.
11:55 of 1st period - Wrist shot by Stephen Weiss.
11:55 of 1st period - Shot Misses the Net.
11:57 of 1st period - Wrist shot by Mike Cammalleri.
11:57 of 1st period - Stopped by Cory Schneider with a rebound.
12:07 of 1st period - Matthew Lombardi is hit by Valtteri Filppula and loses puck.
12:18 of 1st period - Snap shot by Stefan Ruzicka.
12:18 of 1st period - Shot Blocked by Darren Reid.
13:14 of 1st period - Minor Penalty to Alexei Emelin for Tripping.
13:15 of 1st period - Jeff Carter wins face-off versus Milan Lucic in Rangers zone.
13:21 of 1st period - Snap shot by Alexei Morozov.
13:21 of 1st period - Stopped by Henrik Lundqvist with a rebound.
13:23 of 1st period - Snap shot by Jeff Woywitka.
13:23 of 1st period - Shot Misses the Net.
13:25 of 1st period - Wrist shot by Dany Heatley.
13:25 of 1st period - Goal by Dany Heatley - Flyers : 2 - Rangers : 0.
13:26 of 1st period - Artem Anisimov wins face-off versus Jeff Carter in neutral zone.
13:29 of 1st period - Snap shot by Milan Lucic.
13:29 of 1st period - Shot Blocked by Jonathan Ericsson.
13:31 of 1st period - Slapshot by Milan Lucic.
13:31 of 1st period - Stopped by Cory Schneider with a rebound.
14:07 of 1st period - Wrist shot by Jakub Voracek.
14:07 of 1st period - Shot Misses the Net.
15:28 of 1st period - Snap shot by Rostislav Olesz.
15:28 of 1st period - Stopped by Henrik Lundqvist without a rebound.
15:29 of 1st period - Jeff Carter wins face-off versus Artem Anisimov in Rangers zone.
15:34 of 1st period - Snap shot by Alexei Morozov.
15:34 of 1st period - Stopped by Henrik Lundqvist with a rebound.
15:36 of 1st period - Slapshot by Matt Smaby.
15:36 of 1st period - Stopped by Henrik Lundqvist with a rebound.
15:44 of 1st period - Snap shot by Alexei Morozov.
15:44 of 1st period - Shot Misses the Net.
15:46 of 1st period - Slapshot by Jeff Carter.
15:46 of 1st period - Goal by Jeff Carter - Flyers : 3 - Rangers : 0.
15:47 of 1st period - Jeff Carter wins face-off versus Artem Anisimov in neutral zone.
16:30 of 1st period - Matt Read is hit by Rostislav Olesz and loses puck.
17:33 of 1st period - Snap shot by Artem Anisimov.
17:33 of 1st period - Stopped by Cory Schneider without a rebound.
17:34 of 1st period - Artem Anisimov wins face-off versus Jeff Carter in Flyers zone.
17:44 of 1st period - Off-side.
17:45 of 1st period - Milan Lucic wins face-off versus Rostislav Olesz in neutral zone.
17:50 of 1st period - Slapshot by Mark Fistric.
17:50 of 1st period - Shot Misses the Net.
17:56 of 1st period - Snap shot by Rostislav Olesz.
17:56 of 1st period - Shot Blocked by Jakob Silfverberg.
17:58 of 1st period - Slapshot by Jakub Voracek.
17:58 of 1st period - Stopped by Henrik Lundqvist without a rebound.
17:59 of 1st period - Jeff Carter wins face-off versus Stephen Weiss in Rangers zone.
18:14 of 1st period - Wrist shot by Dany Heatley.
18:14 of 1st period - Stopped by Henrik Lundqvist with a rebound.
18:26 of 1st period - Milan Lucic is hit by Chris Kreider and loses puck.
18:38 of 1st period - Off-side.
18:39 of 1st period - Kyle Wellwood wins face-off versus Valtteri Filppula in neutral zone.
18:42 of 1st period - Snap shot by Matt Smaby.
18:42 of 1st period - Shot Misses the Net.
19:11 of 1st period - Jeff Carter is hit by Alexei Emelin and loses puck.
19:18 of 1st period - Jakob Silfverberg is hit by Pavel Kubina and loses puck.
19:29 of 1st period - Jeff Woywitka is hit by Matt Read and loses puck.
19:49 of 1st period - Icing by Chris Kreider.
19:50 of 1st period - Valtteri Filppula wins face-off versus Matthew Lombardi in Flyers zone.
Goals for this period are 3 for Flyers vs 0 for Rangers.
Shots for this period are 16 for Flyers vs 10 for Rangers.

2nd period


0:01 of 2nd period - Artem Anisimov wins face-off versus Jeff Carter in neutral zone.
0:17 of 2nd period - Snap shot by Alexei Morozov.
0:17 of 2nd period - Stopped by Henrik Lundqvist without a rebound.
0:18 of 2nd period - Mike Cammalleri wins face-off versus Kyle Wellwood in Rangers zone.
0:20 of 2nd period - Minor Penalty to Mike Cammalleri for Hooking.
0:21 of 2nd period - Jeff Carter wins face-off versus Milan Lucic in Rangers zone.
0:48 of 2nd period - Off-side.
0:49 of 2nd period - Milan Lucic wins face-off versus Kyle Wellwood in neutral zone.
0:59 of 2nd period - Off-side.
1:00 of 2nd period - Milan Lucic wins face-off versus Jeff Carter in neutral zone.
1:11 of 2nd period - Snap shot by Alexei Morozov.
1:11 of 2nd period - Shot Blocked by Mark Fistric.
1:13 of 2nd period - Slapshot by Jeff Woywitka.
1:13 of 2nd period - Stopped by Henrik Lundqvist without a rebound.
1:14 of 2nd period - Jeff Carter wins face-off versus Milan Lucic in Rangers zone.
1:23 of 2nd period - Snap shot by Jeff Carter.
1:23 of 2nd period - Shot Misses the Net.
1:25 of 2nd period - Snap shot by Jonathan Ericsson.
1:25 of 2nd period - Deflect By Milan Lucic.
1:25 of 2nd period - Stopped by Henrik Lundqvist without a rebound.
1:26 of 2nd period - Jeff Carter wins face-off versus Milan Lucic in Rangers zone.
1:53 of 2nd period - Mark Fistric is hit by Jeff Woywitka.
2:20 of 2nd period - Penalty to Mike Cammalleri is over, Mike Cammalleri is back on ice.
2:51 of 2nd period - Wrist shot by Artem Anisimov.
2:51 of 2nd period - Stopped by Cory Schneider with a rebound.
2:53 of 2nd period - Snap shot by Milan Lucic.
2:53 of 2nd period - Shot Misses the Net.
3:32 of 2nd period - Snap shot by Alexei Morozov.
3:32 of 2nd period - Shot Misses the Net.
3:34 of 2nd period - Slapshot by Jeff Woywitka.
3:34 of 2nd period - Stopped by Henrik Lundqvist without a rebound.
3:35 of 2nd period - Kyle Wellwood wins face-off versus Valtteri Filppula in Rangers zone.
3:48 of 2nd period - Jonathan Ericsson is hit by Matt Greene and loses puck.
4:47 of 2nd period - Snap shot by Alexandre Bolduc.
4:47 of 2nd period - Shot Misses the Net.
4:51 of 2nd period - Slapshot by Nathan Gerbe.
4:51 of 2nd period - Stopped by Cory Schneider with a rebound.
5:09 of 2nd period - Wrist shot by Jakub Voracek.
5:09 of 2nd period - Stopped by Henrik Lundqvist without a rebound.
5:10 of 2nd period - Jeff Carter wins face-off versus Artem Anisimov in Rangers zone.
5:13 of 2nd period - Snap shot by Jeff Carter.
5:13 of 2nd period - Stopped by Henrik Lundqvist without a rebound.
5:14 of 2nd period - Artem Anisimov wins face-off versus Jeff Carter in Rangers zone.
5:24 of 2nd period - Icing by Matt Smaby.
5:25 of 2nd period - Jeff Carter wins face-off versus Jakob Silfverberg in Flyers zone.
5:50 of 2nd period - Jeff Carter is hit by Chris Bourque and loses puck.
6:20 of 2nd period - Snap shot by Kyle Wellwood.
6:20 of 2nd period - Stopped by Henrik Lundqvist with a rebound.
6:22 of 2nd period - Snap shot by Pavel Kubina.
6:22 of 2nd period - Deflect By Matt Greene.
6:22 of 2nd period - Stopped by Henrik Lundqvist without a rebound.
6:23 of 2nd period - Artem Anisimov wins face-off versus Matthew Lombardi in Rangers zone.
6:38 of 2nd period - Slapshot by Milan Lucic.
6:38 of 2nd period - Stopped by Cory Schneider with a rebound.
7:14 of 2nd period - Wrist shot by Valtteri Filppula.
7:14 of 2nd period - Shot Misses the Net.
7:16 of 2nd period - Slapshot by Ryan Suter.
7:16 of 2nd period - Deflect By Darren Reid.
7:16 of 2nd period - Shot Blocked by Jeff O'Neill.
7:16 of 2nd period - Puck is out of play.
7:17 of 2nd period - Dany Heatley wins face-off versus Artem Anisimov in Flyers zone.
7:22 of 2nd period - Snap shot by Jeff Carter.
7:22 of 2nd period - Stopped by Henrik Lundqvist with a rebound.
7:24 of 2nd period - Slapshot by Pavel Kubina.
7:24 of 2nd period - Shot Misses the Net.
7:44 of 2nd period - Artem Anisimov is hit by Matthew Lombardi and loses puck.
9:35 of 2nd period - Slapshot by Darren Reid.
9:35 of 2nd period - Stopped by Cory Schneider with a rebound.
9:58 of 2nd period - Minor Penalty to Devante Smith-Pelly for Elbowing.
9:59 of 2nd period - Jeff Carter wins face-off versus Milan Lucic in Rangers zone.
10:13 of 2nd period - Wrist shot by Alexei Morozov.
10:13 of 2nd period - Shot Misses the Net.
10:25 of 2nd period - Ryan Suter is hit by Kyle Wellwood and loses puck.
10:40 of 2nd period - Snap shot by Mike Cammalleri.
10:40 of 2nd period - Deflect By Rostislav Olesz.
10:40 of 2nd period - Shot Hit the Post.
10:40 of 2nd period - Puck is out of play.
10:41 of 2nd period - Jeff Carter wins face-off versus Alexandre Bolduc in Flyers zone.
11:58 of 2nd period - Penalty to Devante Smith-Pelly is over, Devante Smith-Pelly is back on ice.
12:06 of 2nd period - Slapshot by Mark Fistric.
12:06 of 2nd period - Shot Misses the Net.
12:21 of 2nd period - Darren Reid is hit by Jeff Woywitka and loses puck.
14:29 of 2nd period - Snap shot by Jeff Carter.
14:29 of 2nd period - Shot Blocked by Milan Lucic.
14:46 of 2nd period - Jeff Woywitka is hit by Devante Smith-Pelly.
15:04 of 2nd period - Darren Reid is hit by John-Michael Liles.
15:25 of 2nd period - Wrist shot by Jeff Carter.
15:25 of 2nd period - Shot Blocked by Ryan Suter.
15:27 of 2nd period - Slapshot by Nathan Paetsch.
15:27 of 2nd period - Stopped by Henrik Lundqvist without a rebound.
15:28 of 2nd period - Stephen Weiss wins face-off versus Kyle Wellwood in Rangers zone.
15:28 of 2nd period - Stephen Weiss is hit by Kyle Wellwood.
15:52 of 2nd period - Jeff Woywitka is hit by Jakob Silfverberg and loses puck.
16:39 of 2nd period - Wrist shot by Mike Cammalleri.
16:39 of 2nd period - Stopped by Cory Schneider with a rebound.
17:23 of 2nd period - Slapshot by Milan Lucic.
17:23 of 2nd period - Goal by Milan Lucic - Flyers : 3 - Rangers : 1.
17:24 of 2nd period - Jeff Carter wins face-off versus Artem Anisimov in neutral zone.
17:36 of 2nd period - Mark Fistric is hit by Jeff Woywitka.
17:38 of 2nd period - Snap shot by Milan Lucic.
17:38 of 2nd period - Shot Blocked by Dany Heatley.
18:15 of 2nd period - Valtteri Filppula is hit by Matt Smaby.
18:48 of 2nd period - Slapshot by Nathan Gerbe.
18:48 of 2nd period - Shot Misses the Net.
18:58 of 2nd period - Slapshot by Dany Heatley.
18:58 of 2nd period - Shot Misses the Net.
19:00 of 2nd period - Snap shot by Alexei Morozov.
19:00 of 2nd period - Shot Misses the Net.
19:49 of 2nd period - Minor Penalty to Valtteri Filppula for Boarding.
19:50 of 2nd period - Jeff Carter wins face-off versus Milan Lucic in Rangers zone.
19:54 of 2nd period - Snap shot by Jeff Carter.
19:54 of 2nd period - Stopped by Henrik Lundqvist with a rebound.
Goals for this period are 0 for Flyers vs 1 for Rangers.
Shots for this period are 11 for Flyers vs 6 for Rangers.

3rd period


0:01 of 3rd period - Jeff Carter wins face-off versus Milan Lucic in neutral zone.
0:36 of 3rd period - Cam Barker is hit by Kyle Wellwood and loses puck.
1:49 of 3rd period - Penalty to Valtteri Filppula is over, Valtteri Filppula is back on ice.
1:50 of 3rd period - Ryan Suter is hit by Matthew Lombardi.
1:52 of 3rd period - Snap shot by Stephen Weiss.
1:52 of 3rd period - Shot Misses the Net.
2:07 of 3rd period - Slapshot by Alexei Emelin.
2:07 of 3rd period - Shot Misses the Net.
2:09 of 3rd period - Wrist shot by Valtteri Filppula.
2:09 of 3rd period - Shot Misses the Net.
2:11 of 3rd period - Snap shot by Valtteri Filppula.
2:11 of 3rd period - Deflect By Stephen Weiss.
2:11 of 3rd period - Shot Blocked by Stefan Ruzicka.
2:11 of 3rd period - Puck is out of play.
2:12 of 3rd period - Jeff O'Neill wins face-off versus Artem Anisimov in Flyers zone.
2:19 of 3rd period - Snap shot by Mats Zuccarello.
2:19 of 3rd period - Deflect By Jeff O'Neill.
2:19 of 3rd period - Shot Misses the Net.
2:19 of 3rd period - Puck is out of play.
2:20 of 3rd period - Artem Anisimov wins face-off versus Jeff O'Neill in Rangers zone.
2:25 of 3rd period - Snap shot by Milan Lucic.
2:25 of 3rd period - Goal by Milan Lucic - Flyers : 3 - Rangers : 2.
2:26 of 3rd period - Jeff Carter wins face-off versus Artem Anisimov in neutral zone.
2:57 of 3rd period - Snap shot by Jeff Woywitka.
2:57 of 3rd period - Stopped by Henrik Lundqvist with a rebound.
3:10 of 3rd period - Off-side.
3:11 of 3rd period - Matthew Lombardi wins face-off versus Valtteri Filppula in neutral zone.
3:14 of 3rd period - Ryan Suter is hit by Stefan Ruzicka and loses puck.
3:47 of 3rd period - Wrist shot by Stephen Weiss.
3:47 of 3rd period - Deflect By Matt Read.
3:47 of 3rd period - Shot Misses the Net.
3:47 of 3rd period - Puck is out of play.
3:48 of 3rd period - Jeff Carter wins face-off versus Artem Anisimov in Flyers zone.
3:57 of 3rd period - Wrist shot by Jakob Silfverberg.
3:57 of 3rd period - Stopped by Cory Schneider without a rebound.
3:58 of 3rd period - Artem Anisimov wins face-off versus Jeff Carter in Flyers zone.
3:59 of 3rd period - Wrist shot by Milan Lucic.
3:59 of 3rd period - Shot Hit the Post.
4:01 of 3rd period - Slapshot by Mark Fistric.
4:01 of 3rd period - Stopped by Cory Schneider without a rebound.
4:02 of 3rd period - Jeff Carter wins face-off versus Artem Anisimov in Flyers zone.
4:02 of 3rd period - Jeff Carter is hit by Artem Anisimov.
4:21 of 3rd period - Jeff Woywitka is hit by Artem Anisimov and loses puck.
4:31 of 3rd period - Off-side.
4:32 of 3rd period - Kyle Wellwood wins face-off versus Valtteri Filppula in neutral zone.
5:10 of 3rd period - Wrist shot by Matthew Lombardi.
5:10 of 3rd period - Stopped by Henrik Lundqvist with a rebound.
5:32 of 3rd period - Wrist shot by Stephen Weiss.
5:32 of 3rd period - Deflect By Matt Read.
5:32 of 3rd period - Stopped by Cory Schneider with a rebound.
5:44 of 3rd period - Snap shot by Mats Zuccarello.
5:44 of 3rd period - Stopped by Henrik Lundqvist without a rebound.
5:45 of 3rd period - Jeff O'Neill wins face-off versus Alexandre Bolduc in Rangers zone.
5:58 of 3rd period - Snap shot by Brock Nelson.
5:58 of 3rd period - Stopped by Henrik Lundqvist without a rebound.
5:59 of 3rd period - Alexei Morozov wins face-off versus Artem Anisimov in Rangers zone.
7:13 of 3rd period - Slapshot by Matt Smaby.
7:13 of 3rd period - Deflect By Mats Zuccarello.
7:13 of 3rd period - Goal by Mats Zuccarello - Flyers : 4 - Rangers : 2.
7:14 of 3rd period - Artem Anisimov wins face-off versus Jeff Carter in neutral zone.
7:29 of 3rd period - Snap shot by Milan Lucic.
7:29 of 3rd period - Shot Misses the Net.
7:41 of 3rd period - Mike Cammalleri is hit by Jakub Voracek and loses puck.
8:04 of 3rd period - Wrist shot by Valtteri Filppula.
8:04 of 3rd period - Goal by Valtteri Filppula - Flyers : 4 - Rangers : 3.
8:05 of 3rd period - Jeff Carter wins face-off versus Artem Anisimov in neutral zone.
8:18 of 3rd period - Snap shot by Jeff Carter.
8:18 of 3rd period - Shot Blocked by Artem Anisimov.
8:26 of 3rd period - Pavel Kubina is hit by Cam Barker and loses puck.
9:09 of 3rd period - Wrist shot by Mats Zuccarello.
9:09 of 3rd period - Stopped by Henrik Lundqvist with a rebound.
9:48 of 3rd period - Slapshot by Milan Lucic.
9:48 of 3rd period - Shot Misses the Net.
9:54 of 3rd period - Artem Anisimov is hit by Nathan Paetsch and loses puck.
10:07 of 3rd period - Jakob Silfverberg is hit by Nathan Paetsch and loses puck.
10:26 of 3rd period - Ryan Suter is hit by Matthew Lombardi and loses puck.
10:45 of 3rd period - Artem Anisimov is hit by Matthew Lombardi and loses puck.
11:01 of 3rd period - Jakob Silfverberg is hit by Matthew Lombardi and loses puck.
11:08 of 3rd period - Snap shot by Matthew Lombardi.
11:08 of 3rd period - Stopped by Henrik Lundqvist with a rebound.
11:10 of 3rd period - Slapshot by Nathan Paetsch.
11:10 of 3rd period - Stopped by Henrik Lundqvist with a rebound.
11:41 of 3rd period - Matt Smaby is hit by Artem Anisimov and loses puck.
12:08 of 3rd period - Snap shot by Chris Kreider.
12:08 of 3rd period - Goal by Chris Kreider - Flyers : 5 - Rangers : 3.
12:09 of 3rd period - Dany Heatley wins face-off versus Stephen Weiss in neutral zone.
12:16 of 3rd period - Snap shot by Alexei Morozov.
12:16 of 3rd period - Stopped by Henrik Lundqvist with a rebound.
12:21 of 3rd period - Off-side.
12:22 of 3rd period - Jeff Carter wins face-off versus Mike Cammalleri in neutral zone.
12:25 of 3rd period - Wrist shot by Dany Heatley.
12:25 of 3rd period - Goal by Dany Heatley - Flyers : 6 - Rangers : 3.
12:26 of 3rd period - Jeff Carter wins face-off versus Stephen Weiss in neutral zone.
12:47 of 3rd period - Minor Penalty to Alexei Morozov for Roughing.
12:48 of 3rd period - Dany Heatley wins face-off versus Stephen Weiss in Flyers zone.
14:03 of 3rd period - Darren Reid is hit by Pavel Kubina and loses puck.
14:47 of 3rd period - Penalty to Alexei Morozov is over, Alexei Morozov is back on ice.
15:10 of 3rd period - Snap shot by Nathan Gerbe.
15:10 of 3rd period - Shot Misses the Net.
15:22 of 3rd period - Wrist shot by Alexei Morozov.
15:22 of 3rd period - Stopped by Henrik Lundqvist with a rebound.
15:24 of 3rd period - Snap shot by Brock Nelson.
15:24 of 3rd period - Shot Blocked by Devante Smith-Pelly.
15:26 of 3rd period - Wrist shot by Jeff Woywitka.
15:26 of 3rd period - Stopped by Henrik Lundqvist without a rebound.
15:27 of 3rd period - Valtteri Filppula wins face-off versus Matthew Lombardi in Rangers zone.
16:17 of 3rd period - Icing by Mark Fistric.
16:18 of 3rd period - Stephen Weiss wins face-off versus Jeff Carter in Rangers zone.
17:53 of 3rd period - Snap shot by Chris Kreider.
17:53 of 3rd period - Shot Misses the Net.
18:03 of 3rd period - Wrist shot by Matthew Lombardi.
18:03 of 3rd period - Shot Hit the Post.
18:21 of 3rd period - Slapshot by Chris Kreider.
18:21 of 3rd period - Shot Misses the Net.
18:31 of 3rd period - Wrist shot by Matt Read.
18:31 of 3rd period - Stopped by Cory Schneider with a rebound.
18:33 of 3rd period - Slapshot by Stephen Weiss.
18:33 of 3rd period - Stopped by Cory Schneider without a rebound.
18:34 of 3rd period - Jeff Carter wins face-off versus Artem Anisimov in Flyers zone.
18:55 of 3rd period - Alexei Morozov is hit by Jakob Silfverberg and loses puck.
19:25 of 3rd period - Icing by Cam Barker.
19:26 of 3rd period - Jeff O'Neill wins face-off versus Alexandre Bolduc in Rangers zone.
19:53 of 3rd period - Slapshot by Mark Fistric.
19:53 of 3rd period - Shot Misses the Net.
Goals for this period are 3 for Flyers vs 2 for Rangers.
Shots for this period are 13 for Flyers vs 7 for Rangers.